 Dungeon Crawl Stone Soup version 0.24.1-14-gf8d2b509d9 (webtiles) character file.

Game seed: 13778164299209347207, levelgen mode: deterministic

44 KlarStein the Skirmisher (level 3, -1/24 HPs)
             Began as a Gargoyle Fighter on Sept 26, 2020.
             Splashed by a jelly's acid (5 damage)
             ... on level 3 of the Dungeon.
             The game lasted 00:05:08 (1242 turns).

KlarStein the Skirmisher (Gargoyle Fighter)         Turns: 1242, Time: 00:05:09

Health: -1/24      AC: 10    Str: 20    XL:     3   Next: 62%
Magic:  3/3        EV:  7    Int:  8    God:
Gold:   33         SH:  9    Dex:  9    Spells: 2/2 levels left

rFire    . . .     SeeInvis .   a - +0 flail
rCold    . . .     Gourm    .   c - +0 shield
rNeg     + . .     Faith    .   b - +0 scale mail
rPois    ∞         Spirit   .   (no helmet)
rElec    +         Reflect  .   (no cloak)
rCorr    .         Harm     .   (no gloves)
MR       .....                  (no boots)
Stlth    ..........             (no amulet)
HPRegen  0.08/turn              (no ring)
MPRegen  0.08/turn              (no ring)

@: no status effects
A: negative energy resistance 1, electricity resistance, unbreathing,
petrification resistance, rot immunity, AC +3
a: no special abilities


You were on level 3 of the Dungeon.
You were not hungry.

You visited 1 branch of the dungeon, and saw 3 of its levels.

You collected 33 gold pieces.

Inventory:

Hand Weapons
 a - a +0 flail (weapon)
 k - a +1 hunting sling of velocity
Armour
 b - a +0 scale mail (worn)
 c - a +0 shield (worn)
Jewellery
 n - an uncursed ring of ice
Scrolls
 e - 2 scrolls of amnesia {unknown}
 g - a scroll of magic mapping {unknown}
 h - a scroll of identify {unknown}
 i - a scroll of teleportation {unknown}
 m - 2 scrolls of enchant armour {unknown}
 p - a scroll of remove curse {unknown}
 r - a scroll of noise {unknown}
Potions
 d - a potion of might
 j - a potion of lignification {unknown}
 l - 2 potions of heal wounds {unknown}
 o - 2 potions of brilliance {unknown}
 s - a potion of invisibility {unknown}
Comestibles
 f - 6 rations
 q - 4 chunks of flesh


   Skills:
 + Level 3.7 Fighting
 * Level 2.8 Maces & Flails
 + Level 3.6 Armour
 + Level 3.6 Shields


You had 2 spell levels left.
You didn't know any spells.
Your spell library was empty.

Dungeon Overview and Level Annotations

Branches:
Dungeon (3/15)

Altars:

Annotations:
D:2 Sigmund


Innate Abilities, Weirdness & Mutations

You are resistant to torment.
Your stone body is resilient. (AC +3)
You are immune to poison.
You resist negative energy. (rN+)
You are resistant to electric shocks. (rElec)
You can survive without breathing.
You are immune to petrification.
You are immune to rotting.


Message History

You hit the jelly.
Your hands burn!
The jelly is lightly wounded.
The jelly hits you but does no damage. x2
You completely miss the jelly. The jelly hits you but does no damage.
You hit the jelly.
Your hands burn!
The jelly is lightly wounded.
You block the jelly's attack.
Your scale mail prevents you from hitting the jelly.
The jelly is lightly wounded.
You block the jelly's attack. The jelly hits you but does no damage.
Your shield and scale mail prevent you from hitting the jelly.
The jelly is lightly wounded.
The jelly hits you but does no damage.
Some of the chunks of flesh in your inventory have rotted away.
You hit the jelly but do no damage.
Your hands burn!
The jelly is lightly wounded.
The jelly hits you.
You are splashed with acid!
* * * LOW HITPOINT WARNING * * *
You hit the jelly.
Your hands burn!
You die...

.. .. ... ## #.# #.#
# .##.# #.# g##.
#.#.# ..# g.g. #.#.##
#.# #.#.#....#####.#
#......JlgJ@..#
.####.##...#####.####
..........## #....#
#####.##### ####.# .l
#.# ... #.# #.. #.#
#. ##.## . #...####


You could see a jelly, an ooze, a hobgoblin and a frilled lizard.

Vanquished Creatures
  2 dart slugs (D:1)
  A leopard gecko (D:1)
  3 orcs (D:3)
  3 giant cockroaches
  4 goblins
  6 hobgoblins
  3 jackals (D:3)
  6 bats
  2 frilled lizards (D:1)
  A kobold (D:1)
  2 rats (D:1)
33 creatures vanquished.

Notes
Turn   | Place    | Note
-------+----------+-------------------------------------------
     0 | D:1      | KlarStein the Gargoyle Fighter began the quest for the Orb.
     0 | D:1      | Reached XP level 1. HP: 14/14 MP: 1/1
    95 | D:1      | Reached XP level 2. HP: 16/19 MP: 2/2
   979 | D:2      | Noticed Sigmund
   987 | D:3      | Reached XP level 3. HP: 23/23 MP: 3/3
  1242 | D:3      | Splashed by a jelly's acid

Levels and vault maps discovered:
D:1:      scummos_arrival_simple_fountains, layout_basic
D:2:      layout_basic, first_ration, uniq_sigmund, uniq_jessica
D:3:      layout_loops_ring

Action                   || total
-------------------------++-------
Melee: Flail             ||   120
  Eat: Chunk             ||     1
Armor: Scale mail        ||    69
Dodge: Dodged            ||    49
Block: Shield            ||    55
